 Dungeon Crawl Stone Soup version 0.24-a0-232-g49d9ff80d8 (webtiles) character file.

Game seed: 14147315433733414946

511 Redear the Shield-Bearer (level 7, -3/37 HPs)
             Began as a Vine Stalker Fighter on Apr 4, 2019.
             Killed by divine providence
             ... invoked by an orc priest
              (9 damage)
             ... on level 4 of the Dungeon.
             The game lasted 00:11:41 (2587 turns).

Redear the Shield-Bearer (Vine Stalker Fighter)     Turns: 2587, Time: 00:11:42

Health: -3/37      AC:  3    Str: 17    XL:     7   Next: 19%
Magic:  0/8        EV: 11    Int: 10    God:
Gold:   131        SH:  0    Dex: 11    Spells: 4/6 levels left

rFire    . . .     SeeInvis .   k - +2 dagger (flame)
rCold    . . .     Gourm    .   (no shield)
rNeg     . . .     Faith    .   n - +0 leather armour
rPois    .         Spirit   +   (no helmet)
rElec    .         Reflect  .   (no cloak)
rCorr    .         Harm     .   (no gloves)
MR       .....                  (no boots)
Stlth    ++........             r - amulet of regeneration (curse) {+Regen}
HPRegen  1.32/turn              (no ring)
MPRegen  0.11/turn              (no ring)

@: about to teleport
A: fangs 2, talons 1, clumsy 1, regeneration 2, weak 1, magic shield, antimagic
bite, no potion heal 3, rot immunity
a: no special abilities


You were on level 4 of the Dungeon.
You were not hungry.

You visited 1 branch of the dungeon, and saw 4 of its levels.

You collected 131 gold pieces.

Inventory:

Hand Weapons
 a - a +0 long sword
 f - a +2 dagger of protection
 k - a +2 dagger of flaming (weapon)
Armour
 b - a +0 scale mail
 c - a +0 shield
 l - a cursed -1 helmet
 n - a +0 leather armour (worn)
Jewellery
 r - a cursed amulet of regeneration (around neck) {+Regen}
Wands
 e - a wand of disintegration (5)
Scrolls
 M - a scroll of magic mapping
 T - a scroll of teleportation {@r3}
Potions
 h - a potion of might {Str+5 DMG+1d10 | @q3}
 m - a potion of brilliance {Archmagi Int+5 Wiz++}
Comestibles
 z - 3 rations


   Skills:
 + Level 4.0 Fighting
 + Level 3.3 Long Blades
 + Level 3.6 Armour
 + Level 4.0 Stealth
 + Level 4.0 Shields


You had 4 spell levels left.
You knew the following spells:

 Your Spells              Type           Power        Failure   Level  Hunger
d - Blink                 Tloc           N/A          56%         2    ###....

Your spell library contained the following spells:

 Spells                   Type           Power        Failure   Level  Hunger
 Magic Dart               Conj           #...         41%         1    ##.....
 Call Imp                 Summ           #.......     56%         2    ###....
 Slow                     Hex            #.......     56%         2    ###....
 Conjure Flame            Conj/Fire      #.......     80%         3    ####...
 Gell's Gravitas          Tloc           #.........   80%         3    ####...
 Mephitic Cloud           Conj/Pois/Air  #.......     80%         3    ####...
 Portal Projectile        Hex/Tloc       #.....       80%         3    ####...
 Force Lance              Conj/Tloc      #.......     99%         4    #####..
 Dispersal                Tloc           #.........   100%        6    #######
 Controlled Blink         Tloc           N/A          100%        8    #######
 Disjunction              Tloc           #.........   100%        8    #######


Dungeon Overview and Level Annotations

Branches:
Dungeon (4/15)
 Temple: D:4-7

Altars:
Dithmenos
Gozag
Makhleb
Nemelex Xobeh
Trog
Zin

Shops:
D:3 *   D:4 [


Innate Abilities, Weirdness & Mutations

You have extremely sharp teeth.
You heal very quickly.
When hurt, damage is shared between your health and your magic reserves.
Your bite disrupts and absorbs the magic of your enemies.
Potions cannot restore your health.
You are immune to rotting.
You have sharp toenails.
You are clumsy. (Dex -2)
You are weak. (Str -2)


Message History

Okay, then.
Unknown command.
Okay, then.
As you read the scroll labeled UKIWKI SO FAG, it crumbles to dust.
You feel aware of your surroundings.
You sensed 1 altar.
It was a scroll of magic mapping.
M - a scroll of magic mapping
Okay, then.
As you read the scroll labeled KYEMOCUICE, it crumbles to dust.
You feel strangely unstable.
It was a scroll of teleportation.
T - a scroll of teleportation You regained 2 hp, and now have 7/37 hp.
You hit the orc but do no damage. Your kick misses the orc.
Your bite misses the orc. The orc hits you.
* * * LOW HITPOINT WARNING * * *
You take 2 damage, and have 5/37 hp.
You barely miss the orc. You bite the orc, but do no damage.
The orc priest invokes the aid of Beogh against you.
Beogh smites you!
You die...

,,,,,,,,,,,,,,,....#,#
*******
,,**********,*##...#.#
*,,,,,* ,,* *,,,....#.##
*,***,* ,,* ****#......#
*,*,*,* ,,* #...#..#
*,*<*,* ,,* #o.....#
*,*,*,* ,,* #.oo...#
*,*,,,* ,,* #o#....#
*,***** ,,* ########
#@#....# *,* ,,* #......#
#.#.#..# *,* *** #......#
#.#.#..# *,* #### #......#
#.#..,.# *,* ...# #......#
#.#..,## *,* ...# #......#
#.#..>* *,* ...####......#
#.#,*,* *,*
...##........###.#.#,****,*
...##..........#.#.#,,,,,,*


You could see an orc priest, an orc wizard and an orc.

Vanquished Creatures
  Purgy (D:4)
  2 phantoms (D:4)
  A scorpion (D:4)
  An iguana (D:4)
  2 worker ants (D:4)
  Robin (D:3)
  3 adders
  An ooze (D:1)
  2 worms
  A dart slug (D:3)
  An orc (D:3)
  2 giant cockroaches (D:3)
  16 goblins
  5 hobgoblins
  7 jackals (D:1)
  3 bats (D:1)
  4 frilled lizards
  8 kobolds
  8 rats
69 creatures vanquished.

Notes
Turn   | Place    | Note
-------+----------+-------------------------------------------
     0 | D:1      | Redear the Vine Stalker Fighter began the quest for the
                  | Orb.
     0 | D:1      | Reached XP level 1. HP: 11/11 MP: 2/2
   241 | D:1      | Reached XP level 2. HP: 16/16 MP: 3/3
   277 | D:1      | Reached skill level 2 in Long Blades
   277 | D:1      | Reached skill level 1 in Stealth
   531 | D:1      | Reached XP level 3. HP: 15/19 MP: 4/4
   690 | D:1      | Reached skill level 3 in Shields
   794 | D:3      | Found an opulent altar of Gozag.
   794 | D:3      | Found Gozag's Platinum Reserve.
   882 | D:3      | Found a sparkling altar of Nemelex Xobeh.
   943 | D:3      | Reached skill level 3 in Fighting
  1020 | D:3      | Learned a level 2 spell: Blink
  1075 | D:3      | Noticed Robin
  1094 | D:3      | Killed Robin
  1094 | D:3      | Gained mutation: Your natural rate of healing is unusually
                  | fast. [Vine Stalker growth]
  1094 | D:3      | Reached XP level 4. HP: 8/24 MP: 5/5
  1101 | D:3      | Reached skill level 2 in Stealth
  1396 | D:3      | Found a burning altar of Makhleb.
  1496 | D:3      | Noticed a moth of wrath
  1499 | D:3      | Found a bloodstained altar of Trog.
  1553 | D:3      | Found a glowing silver altar of Zin.
  1919 | D:4      | Found Jauj's Armour Shoppe.
  1972 | D:4      | Noticed a phantom
  2055 | D:4      | Killed a phantom
  2055 | D:4      | Reached skill level 3 in Armour
  2055 | D:4      | Reached XP level 5. HP: 18/28 MP: 4/6
  2142 | D:4      | Reached skill level 3 in Stealth
  2142 | D:4      | Reached XP level 6. HP: 8/32 MP: 4/7
  2228 | D:4      | Reached skill level 3 in Long Blades
  2231 | D:4      | HP: 3/33 [poisoned by a worker ant]
  2236 | D:4      | HP: 3/33 [poisoned by a worker ant]
  2242 | D:4      | HP: 3/33 [poisoned by a worker ant]
  2315 | D:4      | Noticed Purgy
  2316 | D:4      | Gained mutation: You are weak. (Str -2) [potion of
                  | mutation]
  2316 | D:4      | Gained mutation: You heal very quickly. [potion of
                  | mutation]
  2316 | D:4      | Gained mutation: You are clumsy. (Dex -2) [potion of
                  | mutation]
  2316 | D:4      | Gained mutation: You have sharp toenails. [potion of
                  | mutation]
  2330 | D:4      | Killed Purgy
  2381 | D:4      | Found a shadowy altar of Dithmenos.
  2488 | D:4      | Noticed a phantom
  2538 | D:4      | Killed a phantom
  2538 | D:4      | Reached skill level 4 in Fighting
  2538 | D:4      | Reached skill level 4 in Stealth
  2538 | D:4      | Reached skill level 4 in Shields
  2538 | D:4      | Reached XP level 7. HP: 35/37 MP: 4/8
  2587 | D:4      | Killed from afar by an orc priest

Levels and vault maps discovered:
D:1:      dpeg_arrival_connections, layout_loops_ring
D:2:      layout_rooms, kennysheep_okawaru_gauntlet, first_ration
D:3:      layout_basic, nicolae_gozag_zags_fifth_avenue, zin_academy, tgw_trog,
          bloody_makhleb, lemuel_round_altar, uniq_robin
D:4:      layout_basic, lemuel_doored_altar, serial_shops,
          nicolae_shop_temple_entry_statues_fountains,
          nicolae_dithmenos_the_darkroom, uniq_purgy

Skill      XL: |  1  2  3  4  5  6 |
---------------+-------------------+-----
Long Blades    | 2 3 |  3.3
Stealth        | 1 2 3 4 |  4.0
Shields        | 3 4 |  4.0
Fighting       | 3 4 |  4.0
Armour         | 3 |  3.6

Action                   |  1- 3 |  4- 6 |  7- 9 || total
-------------------------+-------+-------+-------++-------
Melee: Dagger            |   121 |   158 |     8 ||   287
       Bite              |    32 |    37 |     3 ||    72
       Long sword        |     6 |       |       ||     6
       Kick              |       |    11 |     3 ||    14
  Use: Potion            |     1 |     7 |       ||     8
       Scroll            |       |       |     2 ||     2
 Stab: Sleeping          |       |     1 |       ||     1
  Eat: Chunk             |       |     2 |       ||     2
       Ration            |       |     1 |       ||     1
Armor: Scale mail        |    60 |    23 |       ||    83
       Leather armour    |       |    12 |     3 ||    15
Dodge: Dodged            |    70 |    72 |     9 ||   151
       Rpst.: Long sword |     1 |       |       ||     1

Table legend:
 A = Non-vault XP
 B = Vault XP
 C = Vault XP percentage of total XP
 D = Non-vault monster count
 E = Vault monster count
 F = Vault count percentage of total count
                 A         B        C        D         E       F
            +---------+---------+-------+---------+---------+-------
      Total |     558 |     173 |  23.7 |      50 |      19 |  27.5
            +---------+---------+-------+---------+---------+-------
        D:1 |      41 |       0 |   0.0 |      23 |       0 |   0.0
        D:3 |      63 |      43 |  40.6 |      19 |      18 |  48.6
        D:4 |     454 |     130 |  22.3 |       8 |       1 |  11.1
            +---------+---------+-------+---------+---------+-------
